 Dungeon Crawl Stone Soup version 0.31-a0-925-g0a390f2509 (webtiles) character file.

Game seed: 2938196581676206139

2484 hadoken the Fighter (level 9, -11/90 HPs)
             Began as an Ogre Cinder Acolyte on Oct 18, 2023.
             Was a Follower of Hepliaklqana.
             Mangled by a fire elemental (12 damage)
             ... created by the fiery vengeance of Ignis
             ... on level 8 of the Dungeon.
             The game lasted 00:17:03 (6106 turns).

hadoken the Fighter (Ogre Cinder Acolyte)           Turns: 6106, Time: 00:17:04

Health: -11/90     AC:  8    Str: 24    XL:     9   Next: 52%
Magic:  19/19      EV:  9    Int: 15    God:    Hepliaklqana [*.....]
Gold:   304        SH:  0    Dex:  4    Spells: 16/21 levels left

rFire   . . .        o - +2 whip (venom)
rCold   . . .        (no shield)
rNeg    . . .        g - +2 robe {Will+}
rPois   .            d - +2 hat
rElec   .            e - +0 cloak
rCorr   .            (gloves unavailable)
SInv    .            (boots unavailable)
Will    +....        (no amulet)
Stlth   +            (no ring)
HPRegen 0.35/turn    (no ring)
MPRegen 0.16/turn

%: no passive effects
@: hasted and slowed, fire susceptible
A: reduced essence, large, unfitting armour, tough skin 1
a: Renounce Religion, Recall Ancestor, Ancestor Identity


You were on level 8 of the Dungeon.
You worshipped Hepliaklqana.
Hepliaklqana was aware of your devotion.
You visited 2 branches of the dungeon, and saw 8 of its levels.
You also visited: Sewer.

You collected 304 gold pieces.

Inventory:

Hand Weapons
 a - a -1 mace of flaming
 o - a +2 whip of venom (weapon)
 F - a +0 morningstar
Missiles
 n - 18 poisoned darts (quivered)
Armour
 b - a +0 robe
 d - a +2 hat (worn)
 e - a +0 cloak (worn)
 g - a +2 robe of willpower (worn)
Jewellery
 f - an amulet of magic regeneration
 j - an amulet of regeneration
 A - a +6 ring of strength
Talismans
 B - a flux talisman
Wands
 z - a wand of charming (8)
 D - a wand of flame (24)
Scrolls
 c - a scroll of identify
 l - a scroll of revelation {unknown}
 t - 2 scrolls of blinking {unknown}
 v - a scroll of enchant armour {unknown}
 w - a scroll of enchant weapon {unknown}
 y - a scroll of amnesia {unknown}
Potions
 i - a potion of might
 k - 2 potions of attraction {unknown}
 m - a potion of ambrosia {unknown}
 p - a potion of berserk rage {unknown}
 s - a potion of heal wounds {unknown}
 u - a potion of resistance {unknown}
 x - a potion of curing {unknown}


   Skills:
 - Level 9.6 Fighting
 + Level 7.6 Maces & Flails
 - Level 6.7 Spellcasting
 - Level 3.3 Necromancy
 - Level 2.6 Fire Magic


You had 16 spell levels left.
You knew the following spells:

 Your Spells              Type           Power      Damage    Failure   Level
a - Scorch                Fire           26%        2d6       7%          2
b - Vampiric Draining     Necr           15%        2d7       11%         3

Your spell library contained the following spells:

 Spells                   Type           Power      Damage    Failure   Level
 Necrotise                Necr           60%        1d7       3%          1
 Sublimation of Blood     Necr           15%        N/A       5%          2
 Ensorcelled Hibernation  Hex/Ice        10%        N/A       21%         2
 Jinxbite                 Hex            10%        N/A       21%         2
 Static Discharge         Conj/Air       10%        2-3/arc   21%         2
 Wereblood                Tmut           5%         N/A       21%         2
 Inner Flame              Hex/Fire       9%         N/A       24%         3
 Ozocubu's Armour         Ice            5%         N/A       38%         3
 Anguish                  Hex/Necr       5%         N/A       56%         4
 Agony                    Necr           15%        N/A       67%         5
 Airstrike                Air            2%         2d(1-17)  80%         4
 Summon Lightning Spire   Summ/Air       5%         N/A       80%         4
 Vhi's Electric Charge    Tloc/Air       10%        N/A       80%         4
 Arcjolt                  Conj/Air       2%         1d12      98%         5
 Metabolic Englaciation   Hex/Ice        2%         N/A       98%         5
 Yara's Violent Unravell  Hex/Tmut       2%         3d3       98%         5
 Plasma Beam              Fire/Air       4%         2x1d14    100%        6
 Simulacrum               Ice/Necr       5%         N/A       100%        6
 Enfeeble                 Hex            2%         N/A       100%        7
 Summon Hydra             Summ           2%         N/A       100%        7


Dungeon Overview and Level Annotations

Branches:
Dungeon (6/15)             Temple (1/1) D:5           Sewer (visited)

Altars:
Ashenzari
Cheibriados
Dithmenos
Elyvilon
Gozag
Hepliaklqana
Nemelex Xobeh
Qazlal
Ru
Sif Muna
Uskayaw
Vehumet
Wu Jian
The Shining One


Innate Abilities, Weirdness & Mutations

Your life essence is reduced to manifest your ancestor. (-10% HP)
You are too large for most types of armour.
You have tough skin. (AC +1)


Message History

The fire elemental is lightly damaged.
The fire elemental hits Ankhesenamen.
The fire elemental burns Ankhesenamen!
Ankhesenamen resists.
Ankhesenamen hits the fire elemental.
The fire elemental closely misses you. The fire elemental hits you.
The fire elemental burns you!
The fire elemental hits Ankhesenamen.
The fire elemental burns Ankhesenamen!
Ankhesenamen resists.
You hit the fire elemental but do no damage.
The fire elemental is lightly damaged.
The fire elemental hits you. The fire elemental burns you!
The fire elemental closely misses you.
The fire elemental hits Ankhesenamen.
The fire elemental burns Ankhesenamen!
Ankhesenamen resists.
Ankhesenamen closely misses the fire elemental.
The fire elemental hits you. The fire elemental burns you!
As you read the scroll labelled SORO QONUA, it crumbles to dust.
It is a scroll of identify.
h - a scroll of summoning The fire elemental completely misses you.
The fire elemental barely misses Ankhesenamen.
Ankhesenamen hits the fire elemental!
The fire elemental barely misses you. The fire elemental hits you.
The fire elemental burns you!
The fire elemental hits Ankhesenamen.
The fire elemental burns Ankhesenamen!
Ankhesenamen resists.
Ankhesenamen hits the fire elemental.
You feel yourself speed up. The fire elemental barely misses you.
The fire elemental hits you. The fire elemental burns you!
* * * LOW HITPOINT WARNING * * *
The fire elemental hits Ankhesenamen.
The fire elemental burns Ankhesenamen!
Ankhesenamen resists.
The fire elemental hits you. The fire elemental burns you!
* * * LOW HITPOINT WARNING * * *
The fire elemental hits you. The fire elemental burns you!
* * * LOW HITPOINT WARNING * * *
Ankhesenamen closely misses the fire elemental.
The fire elemental closely misses Ankhesenamen.
As you read the scroll of summoning, it crumbles to dust.
Wisps of shadow whirl around you... The fire elemental closely misses you.
The fire elemental hits you. The fire elemental burns you!
You die...

......................
.........#)............#
......#..##..............
÷........#..............#
.............#.........#
......###..###.........#
......##....##h..F.....#
.............)...E...o.#
##÷....#...#.)..@RE....#
.......#..##...[E.F?o..#
.))....##.###.....o.....#
...)...#............o....
.................o.......
......###................
....)###........##.......
..#.)(....#.....# ......#
..#.#............ .......


You could see the friendly Ankhesenamen the ancestor, 3 fire elementals, 2
friendly bullfrogs, a friendly howler monkey (summoned), a friendly orc priest
(summoned), a friendly orc wizard (summoned) and 3 friendly orcs.

Vanquished Creatures
  Grinder (Sewer)
  Sigmund (D:3)
  A wyvern (D:8)
  2 water moccasins
  A sky beast (D:8)
  An ice beast (D:5)
  2 ogres (D:5)
  A centaur (D:8)
  2 phantoms
  2 kobold brigands (Sewer)
  2 scorpions
  6 orc priests
  Crazy Yiuf (D:4)
  3 sleepcaps
  2 iguanas (D:5)
  An orc wizard (D:6)
  Natasha (thrice) (D:2)
  Terence (D:3)
  6 adders
  3 shadow imps (Sewer)
  A white imp (D:6)
  2 ufetubi (Sewer)
  A worm (D:3)
  A dart slug (D:1)
  19 orcs
  2 endoplasms
  6 giant cockroaches
  2 hobgoblins (D:2)
  4 jackals (D:1)
  20 kobolds
  5 quokkas
  7 ball pythons
  5 bats
  A frilled lizard (D:3)
  4 goblins
  4 rats
126 creatures vanquished.

Vanquished Creatures (collateral kills)
  A wyvern (D:8)
  An orc warrior (D:8)
  An orc priest (D:8)
  An orc wizard (D:8)
4 creatures vanquished.

Vanquished Creatures (others)
  30 foxfires
30 creatures vanquished.

Grand Total: 160 creatures vanquished

Notes
Turn   | Place    | Note
-------+----------+-------------------------------------------
     0 | D:1      | hadoken the Ogre Cinder Acolyte began the quest for the
                  | Orb.
     0 | D:1      | Reached XP level 1. HP: 24/24 MP: 2/2
   102 | D:1      | Reached XP level 2. HP: 14/33 MP: 3/3
   306 | D:1      | Found a faded altar of an unknown god.
   679 | D:2      | Reached XP level 3. HP: 18/41 MP: 4/4
   880 | D:2      | Noticed Natasha
   883 | D:2      | Killed Natasha
   884 | D:2      | Reached skill level 5 in Fighting
   981 | D:2      | Learned a level 2 spell: Scorch
  1075 | D:2      | Noticed Natasha
  1078 | D:2      | Reached XP level 4. HP: 50/50 MP: 5/5
  1083 | D:2      | Killed Natasha
  1225 | D:2      | Found a stormy altar of Qazlal.
  1402 | D:2      | Noticed Natasha
  1409 | D:2      | Killed Natasha
  1531 | D:3      | Reached XP level 5. HP: 59/59 MP: 8/8
  1575 | D:3      | Noticed Sigmund
  1613 | D:3      | Killed Sigmund
  1614 | D:3      | Reached skill level 6 in Fighting
  1614 | D:3      | Reached XP level 6. HP: 64/68 MP: 4/10
  1679 | D:3      | Found a white marble altar of Elyvilon.
  1689 | D:3      | Found an ornate altar of the Wu Jian Council.
  1693 | D:3      | Found an opulent altar of Gozag.
  2021 | D:3      | Noticed Terence
  2028 | D:3      | Killed Terence
  2594 | D:4      | Found a glowing drain.
  2599 | Sewer    | Entered a sewer
  2755 | Sewer    | Found an ancient bone altar of Kikubaaqudgha.
  2771 | Sewer    | Reached skill level 7 in Fighting
  2771 | Sewer    | Reached XP level 7. HP: 72/78 MP: 6/12
  2777 | Sewer    | Reached skill level 5 in Maces & Flails
  2907 | Sewer    | Noticed Grinder
  2914 | Sewer    | Killed Grinder
  3257 | D:4      | Reached skill level 8 in Fighting
  3257 | D:4      | Reached skill level 5 in Spellcasting
  3257 | D:4      | Reached XP level 8. HP: 79/88 MP: 12/15
  3261 | D:4      | Learned a level 3 spell: Vampiric Draining
  3470 | D:4      | Found a runed translucent door.
  3471 | D:4      | Noticed Crazy Yiuf
  3675 | D:4      | Killed Crazy Yiuf
  3749 | D:5      | Entered Level 5 of the Dungeon
  3765 | D:5      | Reached skill level 1 in Necromancy
  3952 | D:5      | Found a staircase to the Ecumenical Temple.
  3973 | Temple   | Entered the Ecumenical Temple
  4231 | Temple   | Fell from the grace of Ignis
  4231 | Temple   | Became a worshipper of Hepliaklqana the Forgotten
  4699 | D:5      | Reached skill level 9 in Fighting
  5469 | D:6      | You fall into a shaft and drop 2 floors!
  5484 | D:8      | Reached XP level 9. HP: 92/98 MP: 13/18
  5529 | D:8      | Reached * piety under Hepliaklqana
  6105 | D:8      | HP: 1/90 [fire elemental[the fiery vengeance of Ignis] (9)]
  6106 | D:8      | Mangled by a fire elemental

Illustrated notes

Levels and vault maps discovered:
D:1:      tarquinn_simple_flora_water_f, layout_loops_cross,
          shapermc_ecumenical_altar_pompeii, minmay_pentomino_u2
D:2:      layout_basic, serial_glass, glass_columns_b, glass_columns_b,
          glass_columns_c, glass_columns_b, glass_columns_a, glass_columns_b,
          glass_columns_c, glass_columns_c, basic_altar,
          kennysheep_generic_room_15, uniq_natasha
D:3:      layout_basic, minmay_overflow_temple_star_quad, uniq_terence,
          uniq_sigmund
D:4:      layout_cave_pools, gup_sewer_entry_bowl, uniq_crazy_yiuf_cottage
D:5:      layout_basic, minmay_temple_entry_proselytizer,
          kennysheep_big_empty_room
D:6:      layout_cave_pools, zin_scriptorium
D:8:      layout_cave_pools, okawaru_ov_weapons_minmay
Temple:   zaba_magenta_temple

Skill      XL: |  1  2  3  4  5  6  7  8  9 |
---------------+----------------------------+-----
Maces & Flails | 3 4 5 6 7 |  7.6
Fighting       | 5 6 7 8 9 |  9.6
Spellcasting   | 2 3 5 6 |  6.7
Necromancy     | 2 3 |  3.3
Fire Magic     | |  2.6

Action                     |  1- 3 |  4- 6 |  7- 9 || total
---------------------------+-------+-------+-------++-------
  Melee: Mace              |    70 |     5 |       ||    75
         Punch             |     1 |     1 |       ||     2
         Whip              |       |    68 |   125 ||   193
  Throw: Dart              |       |     9 |     4 ||    13
   Cast: Scorch            |     1 |    15 |    68 ||    84
 Invoke: Fiery Armour      |     1 |     5 |     1 ||     7
         Foxfire Swarm     |       |     1 |     3 ||     4
         Ancestor Identity |       |       |     1 ||     1
    Use: Potion            |       |     1 |     3 ||     4
         Scroll            |       |     2 |     2 ||     4
 Armour: Robe              |    65 |    74 |   128 ||   267
         Skin              |       |    15 |       ||    15
  Dodge: Dodged            |    31 |    36 |    64 ||   131

Table legend: (Time is in decaauts)
 A = Elapsed time spent in this place.
 B = Non-inter-level travel time spent in this place.
 C = Inter-level travel time spent in this place.
 D = Time resting spent in this place.
 E = Time spent auto-exploring this place.
 F = Levels seen in this place.
 G = Mean time per level.
                   A        B        C        D        E       F      G
               +--------+--------+--------+--------+--------+-----+--------+
         Total |   6072 |   5866 |    206 |    500 |   4326 |   9 |  674.7 |
       Dungeon |   5320 |   5130 |    190 |    411 |   3984 |   7 |  760.0 |
        Temple |    275 |    259 |     16 |     89 |      0 |   1 |  275.0 |
         Sewer |    476 |    476 |      0 |      0 |    342 |   1 |  476.0 |
               +--------+--------+--------+--------+--------+-----+--------+

Top non-repeatable levels by time:
     D:5: 1264 daAuts
     D:3: 988 daAuts
     D:2: 868 daAuts
     D:4: 738 daAuts
     D:1: 677 daAuts
     D:8: 614 daAuts
   Sewer: 476 daAuts
  Temple: 275 daAuts
     D:6: 168 daAuts
